[ AOE2 MATCH · #507309314 ]
UnrankedMapuche vs Italians
Player's team · WIN
Rival team · LOSS
[ REPLAY ANALYSIS · EXTRACTED FROM THE RECORDED GAME ]
Feudal
8:50
Castle
20:11
Imperial
—
| APM avg | 60.8 |
| APM peak | 100 |
| eAPM avg | 27.4 |
| Villagers / military | 70 / 28 |
Focus
⚔️ 49.8% · 🌾 50.2%
Unknown (2550) ×37 · Archer ×10 · Bolas Rider ×7 · Mangonel ×6 · Spearman ×2 · Skirmisher ×2
Feudal
12:10
Castle
16:07
Imperial
—
| APM avg | 135.9 |
| APM peak | 202 |
| eAPM avg | 70.4 |
| Villagers / military | 106 / 59 |
Focus
⚔️ 76.3% · 🌾 23.7%
Cavalry Archer ×28 · Skirmisher ×18 · Mangonel ×9 · Militia ×3 · Archer ×1
Match map
Initial resources + every placement click. Lines = walls · curves = elevation contours. ◆ gold · ⬟ stone · ● berries · ✦ relic · ◌ wall gap
Your base· Open — 10t gap
blytz's base· Open — unwalled flank
Smoothed initial terrain · ◌ = detected wall gap · hover for details
Inputs per minute
— 小少少 - - blytz
Build order — 小少少
First 150 of 225 actions detected
| 0:00 | Queue | Villager (Male) |
| 0:01 | Queue | Villager (Male) |
| 0:01 | Queue | Villager (Male) |
| 0:02 | Build | House |
| 0:11 | Queue | Villager (Male) |
| 1:23 | Build | House |
| 1:26 | Queue | Villager (Male) |
| 1:51 | Queue | Villager (Male) |
| 2:08 | Build | House |
| 2:20 | Queue | Villager (Male) |
| 2:35 | Build | Settlement |
| 2:49 | Queue | Villager (Male) |
| 3:07 | Queue | Villager (Male) |
| 3:11 | Queue | Villager (Male) |
| 3:37 | Queue | Villager (Male) |
| 4:22 | Queue | Villager (Male) |
| 4:34 | Queue | Villager (Male) |
| 4:34 | Queue | Villager (Male) |
| 4:38 | Queue | Villager (Male) |
| 4:39 | Queue | Villager (Male) |
| 5:26 | Research | Loom |
| 6:34 | Research | Feudal Age |
| 6:55 | Build | House |
| 6:56 | Build | Palisade Wall |
| 7:07 | Build | Settlement |
| 7:13 | Build | Settlement |
| 7:27 | Build | Barracks |
| 7:36 | Build | Barracks |
| 7:39 | Queue | Villager (Male) |
| 7:43 | Build | Palisade Wall |
| 7:45 | Build | Palisade Wall |
| 7:47 | Build | Palisade Wall |
| 8:11 | Build | Palisade Wall |
| 8:49 | Queue | Villager (Male) |
| 8:50 | Age | Feudal Age |
| 8:54 | Build | Archery Range |
| 8:56 | Research | Double-Bit Axe |
| 9:00 | Queue | Spearman |
| 9:03 | Queue | Skirmisher |
| 9:05 | Queue | Villager (Male) |
| 9:23 | Queue | Skirmisher |
| 9:42 | Queue | Villager (Male) |
| 9:46 | Build | Palisade Wall |
| 9:48 | Build | Blacksmith |
| 9:48 | Queue | Archer |
| 9:50 | Queue | Villager (Male) |
| 10:21 | Queue | Spearman |
| 10:27 | Build | House |
| 10:33 | Queue | Villager (Male) |
| 10:36 | Build | Palisade Wall |
| 10:39 | Build | Farm |
| 10:53 | Build | House |
| 10:54 | Build | Palisade Wall |
| 10:56 | Build | Palisade Wall |
| 10:56 | Queue | Archer |
| 11:01 | Queue | Villager (Male) |
| 11:02 | Build | Farm |
| 11:06 | Build | Palisade Wall |
| 11:18 | Queue | Villager (Male) |
| 11:31 | Build | House |
| 11:33 | Build | House |
| 11:39 | Build | Farm |
| 11:47 | Build | Palisade Wall |
| 11:48 | Build | Palisade Wall |
| 11:49 | Build | Palisade Wall |
| 11:55 | Queue | Archer |
| 12:09 | Queue | Villager (Male) |
| 12:10 | Build | Farm |
| 12:22 | Build | Farm |
| 12:32 | Research | Fletching |
| 12:52 | Build | Farm |
| 12:53 | Build | Farm |
| 12:54 | Queue | Archer |
| 12:56 | Build | Palisade Wall |
| 13:06 | Queue | Villager (Male) |
| 13:09 | Build | Farm |
| 13:10 | Queue | Villager (Male) |
| 13:31 | Queue | Archer |
| 13:32 | Build | Farm |
| 13:33 | Queue | Villager (Male) |
| 14:00 | Queue | Villager (Male) |
| 14:01 | Build | Farm |
| 14:02 | Build | Farm |
| 14:10 | Queue | Archer |
| 14:11 | Queue | Villager (Male) |
| 14:43 | Queue | Archer |
| 14:46 | Queue | Villager (Male) |
| 14:56 | Build | House |
| 15:11 | Queue | Archer |
| 15:15 | Queue | Villager (Male) |
| 15:18 | Build | Palisade Wall |
| 15:19 | Build | Palisade Wall |
| 15:29 | Queue | Archer |
| 15:31 | Build | Farm |
| 15:33 | Build | Farm |
| 15:55 | Queue | Villager (Male) |
| 16:02 | Queue | Archer |
| 16:08 | Queue | Villager (Male) |
| 16:44 | Queue | Villager (Male) |
| 16:46 | Build | Barracks |
| 17:31 | Research | Castle Age |
| 17:37 | Queue | Unit 2550 |
| 17:47 | Build | Barracks |
| 17:48 | Queue | Unit 2550 |
| 17:56 | Build | House |
| 18:12 | Research | Scale Mail Armor |
| 18:13 | Research | Tech 1402 |
| 18:27 | Queue | Unit 2550 |
| 18:38 | Queue | Unit 2550 |
| 19:02 | Queue | Unit 2550 |
| 19:14 | Research | Forging |
| 19:19 | Queue | Unit 2550 |
| 19:33 | Build | House |
| 19:45 | Queue | Unit 2550 |
| 19:53 | Queue | Unit 2550 |
| 20:00 | Build | Farm |
| 20:00 | Build | Farm |
| 20:02 | Build | Farm |
| 20:06 | Queue | Unit 2550 |
| 20:11 | Age | Castle Age |
| 20:13 | Build | Siege Workshop |
| 20:19 | Queue | Villager (Male) |
| 20:24 | Research | Tech 1351 |
| 20:28 | Queue | Villager (Male) |
| 20:44 | Queue | Unit 2550 |
| 20:44 | Queue | Unit 2550 |
| 20:45 | Queue | Unit 2550 |
| 20:48 | Build | House |
| 20:50 | Build | Outpost |
| 21:05 | Queue | Mangonel |
| 21:06 | Queue | Villager (Male) |
| 21:10 | Queue | Unit 2550 |
| 21:10 | Queue | Unit 2550 |
| 21:14 | Build | House |
| 21:15 | Build | Outpost |
| 21:20 | Queue | Villager (Male) |
| 21:21 | Queue | Unit 2550 |
| 21:26 | Queue | Unit 2550 |
| 21:35 | Queue | Unit 2550 |
| 22:06 | Build | House |
| 22:09 | Build | House |
| 22:11 | Queue | Unit 2550 |
| 22:11 | Queue | Unit 2550 |
| 22:31 | Queue | Villager (Male) |
| 22:32 | Queue | Unit 2550 |
| 22:32 | Queue | Unit 2550 |
| 22:41 | Queue | Villager (Male) |
| 22:48 | Queue | Mangonel |
| 23:02 | Queue | Unit 2550 |
| 23:06 | Queue | Villager (Male) |
Build order — blytz
First 150 of 241 actions detected
| 0:00 | Queue | Villager (Male) |
| 0:00 | Queue | Villager (Male) |
| 0:02 | Build | House |
| 0:02 | Build | House |
| 0:04 | Queue | Villager (Male) |
| 0:07 | Queue | Villager (Male) |
| 1:23 | Queue | Villager (Male) |
| 1:44 | Queue | Villager (Male) |
| 1:44 | Queue | Villager (Male) |
| 1:58 | Build | Lumber Camp |
| 2:05 | Queue | Villager (Male) |
| 2:05 | Queue | Villager (Male) |
| 2:29 | Queue | Villager (Male) |
| 2:29 | Queue | Villager (Male) |
| 3:08 | Queue | Villager (Male) |
| 3:08 | Queue | Villager (Male) |
| 3:35 | Queue | Villager (Male) |
| 3:42 | Queue | Villager (Male) |
| 3:50 | Build | House |
| 4:06 | Queue | Villager (Male) |
| 4:29 | Build | Barracks |
| 4:41 | Queue | Villager (Male) |
| 4:43 | Queue | Villager (Male) |
| 4:52 | Build | House |
| 5:19 | Build | House |
| 5:24 | Queue | Militia |
| 5:28 | Queue | Villager (Male) |
| 5:32 | Queue | Villager (Male) |
| 5:35 | Queue | Villager (Male) |
| 5:48 | Queue | Militia |
| 5:49 | Queue | Villager (Male) |
| 6:10 | Queue | Militia |
| 6:12 | Queue | Villager (Male) |
| 6:19 | Queue | Villager (Male) |
| 6:21 | Queue | Villager (Male) |
| 6:42 | Build | House |
| 7:00 | Research | Loom |
| 7:11 | Build | Palisade Wall |
| 7:14 | Queue | Villager (Male) |
| 7:32 | Queue | Villager (Male) |
| 7:44 | Queue | Villager (Male) |
| 7:47 | Queue | Villager (Male) |
| 7:48 | Build | Mill |
| 7:49 | Queue | Villager (Male) |
| 8:07 | Queue | Villager (Male) |
| 8:07 | Queue | Villager (Male) |
| 8:13 | Build | Palisade Wall |
| 8:19 | Queue | Villager (Male) |
| 8:19 | Queue | Villager (Male) |
| 8:32 | Queue | Villager (Male) |
| 8:39 | Queue | Villager (Male) |
| 8:40 | Build | Farm |
| 8:41 | Queue | Villager (Male) |
| 8:43 | Build | Farm |
| 8:47 | Queue | Villager (Male) |
| 8:55 | Queue | Villager (Male) |
| 9:01 | Build | Palisade Wall |
| 9:31 | Build | Mining Camp |
| 9:35 | Research | Feudal Age |
| 9:46 | Build | Palisade Wall |
| 9:47 | Build | Palisade Wall |
| 9:49 | Build | Palisade Wall |
| 9:51 | Queue | Villager (Male) |
| 10:07 | Build | Palisade Wall |
| 10:34 | Queue | Villager (Male) |
| 11:34 | Queue | Villager (Male) |
| 11:35 | Build | Farm |
| 12:00 | Build | House |
| 12:07 | Build | House |
| 12:10 | Age | Feudal Age |
| 12:14 | Build | Archery Range |
| 12:19 | Queue | Villager (Male) |
| 12:22 | Queue | Villager (Male) |
| 12:27 | Build | Blacksmith |
| 13:04 | Build | Farm |
| 13:13 | Build | Farm |
| 13:27 | Research | Castle Age |
| 13:27 | Research | Castle Age |
| 13:31 | Queue | Archer |
| 13:43 | Build | Farm |
| 13:45 | Build | Farm |
| 13:56 | Build | House |
| 13:58 | Queue | Skirmisher |
| 14:00 | Build | House |
| 14:03 | Queue | Skirmisher |
| 14:13 | Queue | Skirmisher |
| 14:18 | Build | Farm |
| 14:20 | Queue | Villager (Male) |
| 14:20 | Queue | Villager (Male) |
| 14:31 | Queue | Skirmisher |
| 14:39 | Research | Double-Bit Axe |
| 14:39 | Research | Double-Bit Axe |
| 14:53 | Queue | Skirmisher |
| 15:12 | Research | Fletching |
| 15:12 | Research | Fletching |
| 15:33 | Queue | Skirmisher |
| 15:47 | Build | Palisade Wall |
| 15:50 | Queue | Skirmisher |
| 15:56 | Research | Padded Archer Armor |
| 15:56 | Research | Padded Archer Armor |
| 15:58 | Queue | Skirmisher |
| 16:07 | Age | Castle Age |
| 16:08 | Queue | Skirmisher |
| 16:12 | Build | Town Center |
| 16:21 | Queue | Villager (Male) |
| 16:39 | Build | House |
| 16:46 | Queue | Skirmisher |
| 16:59 | Queue | Skirmisher |
| 17:03 | Queue | Villager (Male) |
| 17:24 | Queue | Villager (Male) |
| 17:24 | Build | Farm |
| 17:25 | Build | Farm |
| 17:27 | Queue | Skirmisher |
| 17:31 | Queue | Villager (Male) |
| 17:45 | Build | Farm |
| 17:59 | Queue | Skirmisher |
| 18:02 | Queue | Villager (Male) |
| 18:03 | Queue | Villager (Male) |
| 18:03 | Queue | Villager (Male) |
| 18:07 | Queue | Villager (Male) |
| 18:15 | Build | Farm |
| 18:26 | Build | Farm |
| 18:26 | Queue | Villager (Male) |
| 18:26 | Queue | Villager (Male) |
| 18:28 | Build | Farm |
| 18:36 | Queue | Villager (Male) |
| 18:38 | Build | Farm |
| 18:41 | Queue | Villager (Male) |
| 19:13 | Queue | Villager (Male) |
| 19:13 | Queue | Villager (Male) |
| 19:20 | Queue | Skirmisher |
| 19:20 | Queue | Skirmisher |
| 19:26 | Queue | Skirmisher |
| 19:33 | Queue | Skirmisher |
| 19:34 | Queue | Villager (Male) |
| 19:49 | Queue | Skirmisher |
| 19:54 | Queue | Villager (Male) |
| 19:54 | Queue | Villager (Male) |
| 19:54 | Queue | Villager (Male) |
| 19:59 | Queue | Villager (Male) |
| 20:03 | Queue | Villager (Male) |
| 20:04 | Queue | Villager (Male) |
| 20:04 | Queue | Villager (Male) |
| 20:06 | Build | House |
| 20:08 | Queue | Villager (Male) |
| 20:11 | Build | Town Center |
| 20:17 | Build | House |
| 20:26 | Queue | Cavalry Archer |
| 20:29 | Queue | Villager (Male) |
| 20:29 | Queue | Villager (Male) |
Match timeline
| 4:29 | blytz · first_building Barracks |
| 6:56 | 小少少 · wall_segment Palisade Wall x1 |
| 7:11 | blytz · wall_segment Palisade Wall x16 |
| 7:27 | 小少少 · first_building Barracks |
| 7:43 | 小少少 · wall_segment Palisade Wall x1 |
| 7:45 | 小少少 · wall_segment Palisade Wall x1 |
| 7:47 | 小少少 · wall_segment Palisade Wall x1 |
| 8:11 | 小少少 · wall_segment Palisade Wall x1 |
| 8:13 | blytz · wall_segment Palisade Wall x6 |
| 8:50 | 小少少 · age_up feudal |
| 8:54 | 小少少 · first_building Archery Range |
| 9:01 | blytz · wall_segment Palisade Wall x10 |
| 9:46 | 小少少 · wall_segment Palisade Wall x4 |
| 9:46 | blytz · wall_segment Palisade Wall x1 |
| 9:47 | blytz · wall_segment Palisade Wall x1 |
| 9:49 | blytz · wall_segment Palisade Wall x6 |
| 10:07 | blytz · wall_segment Palisade Wall x1 |
| 10:36 | 小少少 · wall_segment Palisade Wall x1 |
| 10:54 | 小少少 · wall_segment Palisade Wall x1 |
| 10:56 | 小少少 · wall_segment Palisade Wall x1 |
| 11:06 | 小少少 · wall_segment Palisade Wall x1 |
| 11:47 | 小少少 · wall_segment Palisade Wall x1 |
| 11:48 | 小少少 · wall_segment Palisade Wall x1 |
| 11:49 | 小少少 · wall_segment Palisade Wall x1 |
| 12:10 | blytz · age_up feudal |
| 12:14 | blytz · first_building Archery Range |
| 12:56 | 小少少 · wall_segment Palisade Wall x1 |
| 15:18 | 小少少 · wall_segment Palisade Wall x5 |
| 15:19 | 小少少 · wall_segment Palisade Wall x3 |
| 15:47 | blytz · wall_segment Palisade Wall x1 |
| 16:07 | blytz · age_up castle |
| 20:11 | 小少少 · age_up castle |
| 20:13 | 小少少 · first_building Siege Workshop |
| 22:13 | blytz · first_building Siege Workshop |
| 24:02 | blytz · first_market_buy 100 wood |
| 28:34 | blytz · wall_segment Palisade Wall x1 |
| 31:46 | blytz · resign |
[ AI ANALYSIS · 1 CREDIT ]
What really happened in this match?
Wolo.gg analyzes every decision: build order, eco, micro, common mistakes by bracket. Personalized analysis on WhatsApp or Discord in 30 seconds.
Civ guide
Mapuche
Perfil
Jugador #9750845